 Dungeon Crawl Stone Soup version 0.31-a0-7-g51783674b7 (webtiles) character file.

Game seed: 9170814786979710923

16 Kuronicle the Insei (level 2, 0/23 HPs)
             Began as a Demigod Transmuter on May 5, 2023.
             Slain by a kobold
             ... wielding a +0 whip
              (4 damage)
             ... on level 1 of the Dungeon.
             The game lasted 00:01:26 (304 turns).

Kuronicle the Insei (Demigod Transmuter)             Turns: 304, Time: 00:01:27

Health: 0/23       AC:  4    Str: 11    XL:     2   Next: 27%
Magic:  7/7        EV: 11    Int: 15    God:
Gold:   39         SH:  0    Dex: 14    Spells: 3/4 levels left

rFire   . .          .
                       - Unarmed
rCold   . . .        (no shield)
rNeg    . . .        d - +0 leather armour
rPois   .            (no helmet)
rElec   .            (no cloak)
rCorr   .            (no gloves)
SInv    .            e - +0 pair of boots
Will    .....        (no amulet)
Stlth   +            (no ring)
HPRegen 0.23/turn    (no ring)
MPRegen 0.10/turn

%: no passive effects
@: no status effects
A: high MP 1, forlorn, divine attributes
a: no special abilities


You were on level 1 of the Dungeon.
You visited 1 branch of the dungeon, and saw 1 of its levels.

You collected 39 gold pieces.

Inventory:

Armour
 a - a +0 robe
 d - a +0 leather armour (worn)
 e - a +0 pair of boots (worn)
Scrolls
 c - a scroll of teleportation {unknown}
 f - a scroll of identify {unknown}
 g - a scroll of fear {unknown}
Potions
 b - a potion of lignification


   Skills:
 * Level 1.1 Fighting
 * Level 0.3 Armour
 * Level 1.9 Dodging
 * Level 0.3 Stealth
 + Level 2.9 Unarmed Combat
 * Level 1.9 Spellcasting
 * Level 1.9 Transmutations


You had 3 spell levels left.
You knew the following spells:

 Your Spells              Type           Power      Damage    Failure   Level
a - Beastly Appendage     Tmut           14%        N/A       14%         1

Your spell library contained the following spells:

 Spells                   Type           Power      Damage    Failure   Level
 Wereblood                Tmut           7%         N/A       21%         2
 Spider Form              Tmut/Pois      4%         N/A       52%         3
 Ice Form                 Ice/Tmut       4%         N/A       89%         4


Dungeon Overview and Level Annotations

Branches:
Dungeon (1/15)

Shops:
D:1 (


Innate Abilities, Weirdness & Mutations

You have an increased reservoir of magic. (+10% MP)
You shall have no god before yourself.
Your divine heritage dramatically boosts your attributes as you level up.


Message History

There is an open door here.
The hobgoblin barely misses you.
You hit the hobgoblin but do no damage. The hobgoblin barely misses you.
The hobgoblin closely misses you.
You hit the hobgoblin.
The hobgoblin is moderately wounded.
The hobgoblin hits you. The hobgoblin barely misses you.
The hobgoblin attacks as you move away!
The hobgoblin hits you but does no damage.
The kobold throws a stone.
The stone hits you. The hobgoblin hits you. The hobgoblin closely misses you.
The hobgoblin misses you.
You barely miss the hobgoblin.
The hobgoblin is moderately wounded.
The hobgoblin barely misses you. x2
You hit the hobgoblin.
The hobgoblin is almost dead.
The hobgoblin barely misses you. The kobold closely misses you.
The hobgoblin hits you.
You hit the hobgoblin but do no damage.
The hobgoblin is almost dead.
The hobgoblin barely misses you. The kobold barely misses you.
The hobgoblin hits you.
You closely miss the hobgoblin.
The hobgoblin is almost dead.
The hobgoblin hits you. The kobold hits you with a +0 whip.
The hobgoblin closely misses you.
You are too injured to fight recklessly!
You are too injured to fight recklessly!
You are too injured to fight recklessly!
You closely miss the hobgoblin.
The hobgoblin is almost dead.
The hobgoblin misses you. The kobold hits you with a +0 whip.
* * * LOW HITPOINT WARNING * * *
The hobgoblin barely misses you.
You hit the hobgoblin.
You kill the hobgoblin!
The hobgoblin hits you but does no damage.
The kobold completely misses you. The kobold hits you with a +0 whip.
You die...

#...........#
#...........#
#...........#
#...........#
#...........#
#........>.##
#####'###+##
####### #.#
#..@g.#####.#
+..K†.'.....#
#.....#######
+.....+
#.....#
#.....#
####... #....
#...


You could see a hobgoblin and a kobold.

Vanquished Creatures
  A dart slug (D:1)
  3 bats (D:1)
  A goblin (D:1)
  3 hobgoblins (D:1)
  3 ball pythons (D:1)
  2 frilled lizards (D:1)
  2 rats (D:1)
15 creatures vanquished.

Notes
Turn   | Place    | Note
-------+----------+-------------------------------------------
     0 | D:1      | Kuronicle the Demigod Transmuter began the quest for the
                  | Orb.
     0 | D:1      | Reached XP level 1. HP: 15/15 MP: 5/5
    79 | D:1      | Reached skill level 1 in Fighting
   145 | D:1      | Reached XP level 2. HP: 22/23 MP: 7/7
   180 | D:1      | Found Ompeaggo's Weapon Boutique.
   304 | D:1      | Slain by a kobold

Illustrated notes

Levels and vault maps discovered:
D:1:      psy_arrival_conway, layout_basic, serial_shops, shop,
          chequers_serial_rivers_micro_c, minmay_pentomino_p2

Skill      XL: |  1 |
---------------+----+-----
Fighting       | 1 |  1.1
Armour         | |  0.3
Dodging        | |  1.9
Stealth        | |  0.3
Unarmed Combat | |  2.9
Spellcasting   | |  1.9
Transmutations | |  1.9

Action                     || total
---------------------------++-------
  Melee: Unarmed           ||    38
         Punch             ||     1
 Armour: Robe              ||     4
         Leather armour    ||     8
  Dodge: Dodged            ||    31

Table legend: (Time is in decaauts)
 A = Elapsed time spent in this place.
 B = Non-inter-level travel time spent in this place.
 C = Inter-level travel time spent in this place.
 D = Time resting spent in this place.
 E = Time spent auto-exploring this place.
 F = Levels seen in this place.
 G = Mean time per level.
                   A        B        C        D        E       F      G
               +--------+--------+--------+--------+--------+-----+--------+
         Total |    305 |    305 |      0 |      0 |     82 |   1 |  305.0 |
       Dungeon |    305 |    305 |      0 |      0 |     82 |   1 |  305.0 |
               +--------+--------+--------+--------+--------+-----+--------+

Top non-repeatable levels by time:
     D:1: 305 daAuts
